 Dungeon Crawl Stone Soup version 0.30-a0-702-gdf48620a09 (webtiles) character file.

Game seed: 17773567221234070753

2567 holysushi the Slicer (level 9, -2/45 HPs)
             Began as a Spriggan Chaos Knight on Jan 21, 2023.
             Was a Plaything of Xom.
             Succumbed to a kobold brigand's poison
             ... on level 6 of the Dungeon.
             The game lasted 00:16:52 (7450 turns).

holysushi the Slicer (Spriggan Chaos Knight)        Turns: 7450, Time: 00:16:53

Health: -2/45      AC:  6    Str: 10    XL:     9   Next: 31%
Magic:  11/13      EV: 23    Int: 14    God:    Xom [..*...]
Gold:   733        SH:  0    Dex: 16    Spells: 12/12 levels left

rFire   + . .      SeeInvis +    a - +0 short sword (chaos)
rCold   + . .      Faith    .    (no shield)
rNeg    . . .      Spirit   +    b - +2 robe
rPois   +          Reflect  .    (helmet restricted)
rElec   +          Harm     .    l - +2 cloak
rCorr   +          Rampage  .    (gloves unavailable)
Will    +....                    (boots unavailable)
Stlth   +++                      p - amulet of guardian spirit
HPRegen 0.27/turn                h - ring of protection from cold
MPRegen 0.13/turn                q - ring of Leufiruh {rElec rC- rCorr Str+4}

@: mighty, lethally poisoned (-2 -> -11), resistant, on berserk cooldown,
slowed, studying Armour, quick
A: very small, no large weapons, unfitting armour, see invisible, speed 3,
clumsy 1, deformed body, weak 1
a: Renounce Religion


You were on level 6 of the Dungeon.
You worshipped Xom.
You were a toy of Xom.
You visited 1 branch of the dungeon, and saw 6 of its levels.
You also visited: Sewer.

You collected 1533 gold pieces.
You spent 800 gold pieces at shops.

Inventory:

Hand Weapons
 a - a +0 short sword of chaos (weapon)
Armour
 b - a +2 robe (worn)
 i - a +0 robe of fire resistance
 l - a +2 cloak (worn)
Jewellery
 h - a ring of protection from cold (left hand)
 p - an amulet of guardian spirit (around neck)
 q - the ring of Leufiruh (right hand) {rElec rC- rCorr Str+4}
   (You found it on level 2 of the Dungeon)

   [ring of resist corrosion]

   Str:       It affects your strength (+4).
   rC:        It makes you vulnerable to cold.
   rElec:     It insulates you from electricity.
   rCorr:     It protects you from acid and corrosion.
Wands
 o - a wand of acid (9)
 r - a wand of polymorph (7)
 u - a wand of flame (6)
Scrolls
 j - 3 scrolls of blinking
 k - 3 scrolls of identify
Potions
 e - 6 potions of mutation
 f - a potion of attraction
 g - 2 potions of haste
 n - a potion of berserk rage
 t - a potion of cancellation {unknown}
 v - a potion of degeneration {unknown}
 w - a potion of ambrosia {unknown}
Miscellaneous
 c - a piece from Xom's chessboard (3/15) (quivered)


   Skills:
 - Level 4.0 Fighting
 - Level 10.0 Short Blades
 + Level 10.0 Dodging
 - Level 5.0 Stealth
 - Level 2.0 Spellcasting
 * Level 3.0 Evocations


You had 12 spell levels left.
You didn't know any spells.
Your spell library was empty.

Dungeon Overview and Level Annotations

Branches:
Dungeon (6/15) Zot: 26642   Sewer (visited)
 Temple: D:4-7

Altars:
Ashenzari
Gozag
Ru
Sif Muna
Trog
Yredelemnul
The Shining One

Shops:
D:3 :


Innate Abilities, Weirdness & Mutations

You are very small and have problems with some larger weapons.
You are too small for most types of armour.
You have supernaturally acute eyesight. (SInv)
You cover ground extremely quickly. (Speed+++)
You are clumsy. (Dex -2)
Armour fits poorly on your strangely shaped body.
You are weak. (Str -2)


Message History

As you read the scroll of blinking, it crumbles to dust.
You feel extremely sick.
* * * LOW HITPOINT WARNING * * *
You feel very sick.
* * * LOW HITPOINT WARNING * * *
You feel very sick.
It was a potion of resistance.
You feel protected.
Xom thinks this is hilarious!
* * * LOW HITPOINT WARNING * * *
You feel very sick.
It was a potion of berserk rage.
A red film seems to cover your vision as you go berserk!
You feel yourself moving faster!
You feel mighty!
Xom roars with laughter!
You feel sick.
You are too berserk!
You feel a strong urge to attack something.
You feel sick.
You feel your anger nearly subside.
You feel sick.
The kobold brigand throws a poisoned dart.
The poisoned dart completely misses you.
You are no longer berserk.
You are exhausted.
You feel as though you will be slow longer.
* * * LOW HITPOINT WARNING * * *
You feel sick.
There is a gate leading back out of this place here.
It was a potion of might.
You feel very mighty all of a sudden.
* * * LOW HITPOINT WARNING * * *
You feel sick.
You are no longer poisoned.
The kobold brigand throws a poisoned dart.
The poisoned dart hits you!
You are lethally poisoned!
Welcome back to the Dungeon!
You die...
Xom titters!

#.# #.#
####### #.#
###.....###†#
#~~...#.#...#
#~~~......###
#~~~~.#####
#~~~~.#
#@~~~~#
#######


There were no monsters in sight!

Vanquished Creatures
  An unseen horror (D:5)
  An ogre (D:4)
  2 kobold brigands (Sewer)
  2 scorpions
  A necrophage (D:6)
  14 wights
  6 killer bees
  A howler monkey (D:5)
  4 hounds
  2 jellies
  An orc priest (D:4)
  An iguana (D:6)
  3 orc wizards
  4 gnolls
  10 adders
  3 river rats
  5 worms
  4 dart slugs
  11 orcs
  11 ball pythons
  6 endoplasms
  4 giant cockroaches
  7 goblins
  7 hobgoblins
  8 jackals
  3 quokkas
  6 bats
  A frilled lizard (D:3)
  10 kobolds
  8 rats
147 creatures vanquished.

Vanquished Creatures (collateral kills)
  A spriggan (shapeshifter) (D:2)
  An ice beast (D:3)
2 creatures vanquished.

Vanquished Creatures (others)
  8 plants (D:5)
8 creatures vanquished.

Grand Total: 157 creatures vanquished

Notes
Turn   | Place    | Note
-------+----------+-------------------------------------------
     0 | D:1      | holysushi the Spriggan Chaos Knight began the quest for the
                  | Orb.
     0 | D:1      | Reached XP level 1. HP: 11/11 MP: 2/2
    74 | D:1      | XOM: divination: detect items
   101 | D:1      | Reached XP level 2. HP: 16/16 MP: 3/3
   431 | D:1      | XOM: god gift: 1118 gold pieces
   783 | D:2      | XOM: silly message
   910 | D:2      | Reached XP level 3. HP: 19/19 MP: 4/4
   951 | D:2      | Reached skill level 1 in Stealth
  1211 | D:2      | Reached skill level 5 in Short Blades
  1229 | D:2      | Reached XP level 4. HP: 23/23 MP: 5/5
  1325 | D:2      | Identified the ring of Leufiruh {rElec rC- rCorr Str+4}
  1381 | D:3      | Found Eczoogocs's Book Emporium.
  1386 | D:3      | Bought a manual of Armour for 800 gold pieces
  1415 | D:2      | Reached skill level 1 in Spellcasting
  1483 | D:3      | an orc priest changed into a shapeshifter
  1483 | D:3      | Noticed a shapeshifter (shapeshifter)
  1483 | D:3      | a shapeshifter changed into a spriggan
  1483 | D:3      | Noticed a spriggan (shapeshifter)
  1486 | D:3      | XOM: summons 4 friendly demons
  1517 | D:2      | Killed a spriggan
  1518 | D:2      | Reached XP level 5. HP: 25/27 MP: 5/9
  1802 | D:3      | Reached XP level 6. HP: 32/32 MP: 10/10
  2553 | D:3      | Found an opulent altar of Gozag.
  2638 | D:4      | XOM: blink monster(s)
  2662 | D:3      | XOM: torment (17/32 hp)
  2881 | D:4      | a hound changed into an ice beast
  2881 | D:4      | Noticed an ice beast
  2881 | D:4      | XOM: polymorph hound -> ice beast
  2882 | D:4      | XOM: confusion
  2905 | D:3      | XOM: summons 6 friendly demons
  2912 | D:3      | Killed an ice beast
  3116 | D:4      | Found a bloodstained altar of Trog.
  3289 | D:4      | XOM: god gift: staff of earth
  3415 | D:4      | Reached skill level 5 in Dodging
  3415 | D:4      | Reached XP level 7. HP: 35/35 MP: 11/11
  3443 | D:4      | XOM: summons 7 friendly demons
  3623 | D:4      | Found a glowing golden altar of the Shining One.
  3660 | D:4      | Found a basalt altar of Yredelemnul.
  3672 | D:4      | XOM: god gift: 54 gold pieces
  3969 | D:4      | Noticed an angel
  4011 | D:5      | Entered Level 5 of the Dungeon
  4029 | D:5      | Found a sacrificial altar of Ru.
  4185 | D:4      | XOM: give mutations
  4185 | D:4      | Gained mutation: Your body sometimes deteriorates upon
                  | taking damage. [Xom's mischief]
  4185 | D:4      | Gained mutation: You are clumsy. (Dex -2) [Xom's mischief]
  4185 | D:4      | Lost mutation: Your body sometimes deteriorates upon taking
                  | damage. [Xom's mischief]
  4185 | D:4      | Gained mutation: Armour fits poorly on your strangely
                  | shaped body. [Xom's mischief]
  4240 | D:4      | Reached skill level 1 in Evocations
  4357 | D:4      | XOM: confuse monster(s)
  4551 | D:5      | XOM: cast spell 'Cause Fear'
  4750 | D:4      | XOM: give mutation
  4750 | D:4      | Gained mutation: You are weak. (Str -2) [Xom's mischief]
  4926 | D:5      | Reached skill level 5 in Stealth
  4926 | D:5      | Reached XP level 8. HP: 28/40 MP: 9/12
  5029 | D:5      | Noticed an unseen horror
  5048 | D:5      | XOM: 2-stop teleportation journey
  5351 | D:5      | XOM: noise
  5518 | D:4      | XOM: noise
  5832 | D:5      | XOM: potion effect (haste)
  5952 | D:5      | XOM: divination: magic mapping
  5980 | D:5      | Killed an unseen horror
  5981 | D:5      | XOM: 6-stop teleportation journey
  6069 | D:5      | Found a broken altar of Ashenzari.
  6208 | D:5      | Found a shimmering blue altar of Sif Muna.
  6285 | D:5      | XOM: silly message
  6350 | D:6      | XOM: silly message
  6355 | D:6      | XOM: divination: magic mapping
  6432 | D:6      | XOM: cast spell 'Cause Fear'
  6450 | D:6      | Reached XP level 9. HP: 42/45 MP: 9/13
  6551 | D:6      | XOM: divination: detect items
  6554 | D:6      | XOM: silly message
  6590 | D:6      | XOM: silly message
  6673 | D:6      | XOM: noise
  6735 | D:6      | Reached skill level 10 in Short Blades
  6804 | D:6      | XOM: silly message
  6869 | D:6      | Found a glowing drain.
  6886 | D:6      | XOM: divination: detect creatures
  6901 | D:6      | XOM: cloud trail
  6918 | Sewer    | Entered a sewer
  6981 | Sewer    | XOM: scenery: summon butterflies
  7003 | Sewer    | XOM: smoke on damage
  7336 | Sewer    | XOM: noise
  7379 | Sewer    | Reached skill level 10 in Dodging
  7446 | Sewer    | HP: 2/45 [poisoned by a kobold brigand (curare-tipped
                  | dart)]
  7450 | D:6      | Succumbed to a kobold brigand's poison

Illustrated notes

Levels and vault maps discovered:
D:1:      lightli_iron_boxes, layout_loops_ring
D:2:      layout_basic, hex_intersection, minmay_split_cup_small
D:3:      layout_basic, lemuel_coloured_pillars_altar, serial_shops, shop,
          amethyst_killhole
D:4:      nicolae_cairo_tiling_large_dashed, layout_basic,
          grunt_temple_overflow_holy_war, mainiacjoe_overflow_paths
D:5:      layout_rooms, mainiacjoe_overflow_alcove_1,
          mainiacjoe_overflow_boulevard, marbit_many_paths
D:6:      layout_loops_cross, portal_sewer_entry_b

Skill      XL: |  1  2  3  4  5  6  7  8  9 |
---------------+----------------------------+-----
Short Blades   | 4 5 6 7 8 9 10 | 10.0
Stealth        | 2 3 5 |  5.0
Spellcasting   | 2 |  2.0
Dodging        | 5 6 8 10 | 10.0
Evocations     | 2 3 |  3.0
Fighting       | 3 4 |  4.0

Action                   |  1- 3 |  4- 6 |  7- 9 || total
-------------------------+-------+-------+-------++-------
Melee: Short sword       |   123 |   167 |   546 ||   836
       Punch             |     1 |     2 |     6 ||     9
Evoke: Piece from Xom's  |       |     7 |    13 ||    20
       Wand              |       |       |     5 ||     5
  Use: Scroll            |       |     9 |     5 ||    14
       Potion            |       |     1 |     6 ||     7
 Stab: Sleeping          |     1 |     8 |     4 ||    13
       Paralysed         |       |     1 |     1 ||     2
       Confused          |       |       |     3 ||     3
       Distracted        |       |       |     1 ||     1
       Petrified         |       |       |     3 ||     3
       Petrifying        |       |       |     1 ||     1
Armor: Robe              |    21 |    21 |    54 ||    96
Dodge: Dodged            |    71 |    90 |   356 ||   517

Table legend: (Time is in decaauts)
 A = Elapsed time spent in this place.
 B = Non-inter-level travel time spent in this place.
 C = Inter-level travel time spent in this place.
 D = Time resting spent in this place.
 E = Time spent auto-exploring this place.
 F = Levels seen in this place.
 G = Mean time per level.
                   A        B        C        D        E       F      G
               +--------+--------+--------+--------+--------+-----+--------+
         Total |   5280 |   5051 |    229 |   1317 |   1952 |   7 |  754.3 |
       Dungeon |   4817 |   4588 |    229 |   1230 |   1779 |   6 |  802.8 |
         Sewer |    463 |    463 |      0 |     87 |    172 |   1 |  463.0 |
               +--------+--------+--------+--------+--------+-----+--------+

Top non-repeatable levels by time:
     D:4: 1736 daAuts
     D:3: 972 daAuts
     D:5: 751 daAuts
     D:2: 501 daAuts
     D:1: 497 daAuts
   Sewer: 463 daAuts
     D:6: 358 daAuts
